 Dungeon Crawl Stone Soup version 0.28.0-43-g3370ac3207 (webtiles) character file.

Game seed: 18038252402321018046

110735 sizableburger the Frost Mage (level 15, -3/126 HPs)
             Began as a Demigod Conjurer on Feb 24, 2022.
             Slain by a ghost moth (12 damage)
             ... on level 2 of the Spider Nest on Mar 4, 2022.
             The game lasted 02:38:13 (45663 turns).

sizableburger the Frost Mage (Demigod Conjurer)    Turns: 45663, Time: 02:38:14

Health: -3/126     AC: 20    Str:  8 (11) XL:     15   Next: 59%
Magic:  1/45       EV: 10    Int: 37 (40) God:
Gold:   675        SH:  9    Dex:  4 (8)  Spells: 1/39 levels left

rFire   x . .      SeeInvis .   m - +6 dagger (elec)
rCold   + . .      Faith    .   Q - +2 buckler {rPois}
rNeg    . . .      Spirit   .   U - +0 acid dragon scales
rPois   +          Reflect  +   E - +2 helmet
rElec   .          Harm     .   C - +2 cloak
rCorr   +          Rampage  .   W - +2 pair of gloves {Stlth+}
Will    ++...                   V - +1 pair of boots {Fly}
Stlth   ++........              J - amulet of reflection
HPRegen 0.31/turn               e - ring "Wuydduag" {Ice MP+9 Str+3 Dex-4 Slay+6}
MPRegen 0.29/turn               M - ring of willpower

@: unable to drink, flying
A: high MP 1, forlorn, divine attributes
a: no special abilities


You were on level 2 of the Spider Nest.
You visited 4 branches of the dungeon, and saw 23 of its levels.
You also visited: Ossuary.

You collected 2529 gold pieces.
You spent 1854 gold pieces at shops.

Inventory:

Hand Weapons
 d - a +0 whip of draining
 m - a +6 dagger of electrocution (weapon)
Missiles
 g - 7 atropa-tipped darts
 x - 6 curare-tipped darts
 y - a throwing net
Armour
 C - a +2 cloak (worn)
 E - a +2 helmet (worn)
 O - a +0 pair of boots
 Q - a +2 buckler of poison resistance (worn)
 U - +0 acid dragon scales (worn)
 V - a +1 pair of boots of flying (worn)
 W - a +2 pair of gloves of stealth (worn)
Jewellery
 b - a +6 ring of strength
 e - the ring "Wuydduag" (left hand) {Ice MP+9 Str+3 Dex-4 Slay+6}
   (You acquired it on level 6 of the Dungeon)

   [ring of ice]

   It enhances your ice magic.
   Str:       It affects your strength (+3).
   Dex:       It affects your dexterity (-4).
   Slay:      It affects your accuracy & damage with ranged weapons and melee
   (+6).
   rF:        It makes you vulnerable to fire.
   rC:        It protects you from cold.
   MP:        It affects your magic capacity (+9).
 u - an amulet of magic regeneration
 w - a ring of resist corrosion
 G - a ring of fire
 J - an amulet of reflection (around neck)
 M - a ring of willpower (right hand)
 P - an amulet of regeneration
Wands
 k - a wand of acid (14)
 o - a wand of mindburst (7)
 q - a wand of flame (50)
 s - a wand of iceblast (18)
 D - a wand of polymorph (7)
 F - a wand of paralysis (12)
 L - a wand of digging (5)
Scrolls
 i - a scroll of brand weapon
 r - 3 scrolls of fog
 t - 3 scrolls of magic mapping
 v - a scroll of torment
 B - a scroll of amnesia
 H - 9 scrolls of identify
 K - a scroll of silence
 R - a scroll of holy word
Potions
 a - a potion of cancellation
 c - a potion of invisibility
 j - 3 potions of attraction
 l - 6 potions of flight
 n - 6 potions of brilliance
 z - 2 potions of might
 A - 7 potions of ambrosia
 I - 3 potions of mutation
 S - a potion of berserk rage
 T - a potion of haste
Miscellaneous
 N - a piece from Xom's chessboard (15/15)


   Skills:
 - Level 10.0 Fighting
 - Level 5.3 Short Blades
 - Level 6.6 Armour
 - Level 1.8 Dodging
 - Level 1.8 Stealth
 - Level 12.5 Spellcasting
 - Level 8.0 Conjurations
 - Level 5.4 Hexes
 - Level 5.0 Translocations
 + Level 13.4 Ice Magic
 - Level 7.5 Air Magic
 + Level 5.9 Earth Magic
 + Level 3.9 Evocations


You had one spell level left.
You knew the following spells:

 Your Spells              Type           Power      Damage    Failure   Level
a - Magic Dart            Conj           100%       1d8       1%          1
b - Searing Ray           Conj           100%       2d8       1%          2
c - Fulminant Prism       Conj/Hex       32%        3d16      2%          4
d - Frozen Ramparts       Ice            100%       1d12      1%          3
e - Dazzling Flash        Conj/Hex       100%       N/A       1%          3
f - Ozocubu's Armour      Ice            100%       N/A       1%          3
g - Iskenderun's Mystic   Conj/Tloc      64%        2d13      2%          4
h - Freezing Cloud        Conj/Ice/Air   48%        6-21      1%          5
i - Ozocubu's Refrigerat  Ice            55%        4d16      13%         7
j - Iron Shot             Conj/Erth      33%        9d7       32%         6

Your spell library contained the following spells:

 Spells                   Type           Power      Damage    Failure   Level
 Freeze                   Ice            100%       1d11      0%          1
 Foxfire                  Conj/Fire      100%       2x1d9     1%          1
 Beastly Appendage        Tmut           46%        N/A       3%          1
 Corpse Rot               Necr/Air       100%       N/A       1%          2
 Ensorcelled Hibernation  Hex/Ice        100%       N/A       1%          2
 Tukima's Dance           Hex            59%        N/A       1%          3
 Hailstorm                Conj/Ice       100%       3d20      1%          4
 Conjure Flame            Conj/Fire      52%        6-21      2%          3
 Inner Flame              Hex/Fire       43%        N/A       3%          3
 Passage of Golubria      Tloc           57%        N/A       4%          4
 Wereblood                Tmut           23%        N/A       6%          2
 Flame Wave               Conj/Fire      52%        2d11      8%          4
 Sticky Flame             Conj/Fire      52%        2d7       8%          4
 Silence                  Hex/Air        31%        N/A       8%          5
 Lee's Rapid Deconstruct  Erth           30%        3d17*     10%         5
 Animate Armour           Summ/Erth      90%        N/A       11%         4
 Ignite Poison            Fire/Tmut/Pois 23%        N/A       12%         3
 Spider Form              Tmut/Pois      23%        N/A       12%         3
 Anguish                  Hex/Necr       21%        N/A       12%         4
 Conjure Ball Lightning   Conj/Air       34%        3x3d11    24%         6
 Yara's Violent Unravell  Hex/Tmut       21%        3d10      34%         5
 Dispel Undead            Necr           23%        3d12      36%         4
 Olgreb's Toxic Radiance  Pois           23%        N/A       36%         4
 Simulacrum               Ice/Necr       41%        N/A       36%         6
 Agony                    Necr           23%        N/A       71%         5
 Blade Hands              Tmut           11%        N/A       71%         5
 Starburst                Conj/Fire      26%        6d8       75%         6
 Death Channel            Necr           11%        N/A       99%         6
 Discord                  Hex            29%        N/A       100%        8
 Disjunction              Tloc           28%        N/A       100%        8
 Ignition                 Fire           11%        3d5       100%        8
 Polar Vortex             Ice            55%        N/A       100%        9


Dungeon Overview and Level Annotations

Branches:
Dungeon (12/15)            Temple (0/1) D:6            Lair (6/6) D:11
  Swamp (0/4) Lair:3       Spider (3/4) Lair:3        Slime (0/5) Lair:5
    Orc (2/2) D:11            Elf (0/3) Orc:2       Ossuary (visited)

Shops:
D:2 :   D:4 (   D:10 :   D:12 *   Orc:2 [=(*[

Annotations:
D:2 1 runed translucent door, Crazy Yiuf
Spider:1 Roxanne


Innate Abilities, Weirdness & Mutations

You have an increased reservoir of magic. (+10% MP)
You shall have no god before yourself.
Your divine heritage dramatically boosts your attributes as you level up.


Message History

You feel your power leaking away.
Something hits you! x2; Something stings you!
You feel you are being watched by something.
You feel your power leaking away. Something hits you! Something hits you.
Something stings you!
You fly upwards.
Reactivating autopickup.
There is a stone staircase leading down here.
Deactivating autopickup; reactivate with Ctrl-A.
You hit something.
You feel you are being watched by something.
Something hits you. Something hits you but does no damage.
Something stings you but does no damage.
You start resting.
Something hits you but does no damage. x2
Something completely misses you.
Okay, then.
Aiming: Corrosive Bolt
Press: ? - help, Shift-Dir - straight line Something hits you!
You block something's attack. x2
You feel you are being watched by something.
You feel your power leaking away. Something hits you!
* * * LOW HITPOINT WARNING * * *
Something hits you but does no damage.
Something stings you but does no damage.
Okay, then.
Casting: Ozocubu's Refrigeration (dangerous; 12% risk of failure)
Confirm with . or Enter, or press ? or * to list all spells.
You don't have enough magic to cast this spell.
You cannot drink potions in your current state!
You feel you are being watched by something.
You feel you are being watched by something.
You block something's attack. Something hits you but does no damage.
Something stings you.
* * * LOW HITPOINT WARNING * * *
You feel weakened. Something hits you!
* * * LOW HITPOINT WARNING * * *
Something hits you!
You die...

##...# #...###
##..#.###########
##.^.#.#^#.#..#.
####.......#....#.
##.#..##..).#...###
#..####..##......#.
###..>##...#..^######
#.##@.####.##..#.#.#.
#..##....###^.....(#.
##........####.....#.
##^.##.....#...##...
#..#..#.^...###..^[
#..#####.....#..#..
######...#########.
#.....##..^##..##
#...###..(####...


There were no monsters in sight!

Vanquished Creatures
  Gastronok (Lair:1)
  An emperor scorpion (Spider:2)
  The ghost of Orain the Warrior, a journeyman HOMo of Beogh (Lair:6)
  An orc warlord (Orc:1)
  2 broodmothers (Spider:1)
  2 entropy weavers (Spider:1)
  A spark wasp (Spider:2)
  A fire dragon (Lair:6)
  Josephine (D:10)
  8 hydras
  2 boulder beetles
  2 catoblepae
  3 two-headed ogres
  A radroach (Spider:2)
  7 dancing weapons (Spider:1)
  3 death yaks (D:11)
  The ghost of badtown22 the Slicer, a journeyman VSFi of Uskayaw (D:11)
  Sonja (D:11)
  5 orc high priests (Orc:2)
  A sun moth (Spider:1)
  3 pharaoh ants
  A swamp dragon (Lair:6)
  4 steelbarb worms
  The ghost of Hrothgar the Ruffian, a novice TrBe of Trog (D:6)
  5 orb spiders (Spider:1)
  5 orc knights
  10 wolf spiders
  2 wizards (D:11)
  2 cyclopes
  6 ugly things (D:11)
  4 orc sorcerers
  9 elephants
  2 moths of wrath (Spider:1)
  Maurice (Orc:2)
  6 black mambas (Lair:6)
  A guardian serpent (Lair:6)
  4 torpor snails
  15 cane toads
  5 rime drakes
  6 demonic crawlers
  An unseen horror (D:10)
  7 komodo dragons
  2 hornets (Lair:6)
  3 meliai (Spider:2)
  24 tarantellas
  4 trolls
  Grinder (D:6)
  A queen bee (Lair:2)
  20 blink frogs
  Prince Ribbit (D:5)
  8 dream sheep (Lair:6)
  3 wraiths (D:10)
  Sigmund (D:6)
  10 culicivoras
  15 jumping spiders
  A shadow (D:11)
  A vampire (D:11)
  15 wyverns
  26 yaks
  3 steam dragons
  3 basilisks
  37 redbacks
  13 vampire mosquitoes
  Grum (Lair:1)
  A warg (Orc:2)
  23 water moccasins
  2 acid dragons (Lair:6)
  3 swamp drakes (Lair:6)
  An ice beast (D:5)
  A black bear (D:5)
  36 orc warriors
  31 wolves
  2 necrophages
  5 ogres
  5 centaurs
  11 kobold brigands (D:6)
  15 bullfrogs
  A gnoll sergeant (D:8)
  2 scorpions
  6 water moccasin zombies
  33 killer bees
  5 wights (D:8)
  4 centaur zombies
  A bullfrog zombie (D:6)
  5 jellies
  2 centaur skeletons
  28 orc priests
  A gnoll shaman (D:10)
  A hound (D:4)
  A bullfrog skeleton (D:6)
  7 iguanas
  21 orc wizards
  9 hell rats
  2 mummies (Ossuary)
  A howler monkey zombie (D:8)
  Robin (D:4)
  9 adders
  14 gnolls
  2 river rats (D:11)
  2 shadow imps (D:7)
  4 white imps
  2 ufetubi
  An adder skeleton (D:4)
  2 adder zombies (Ossuary)
  A worm (D:3)
  2 dart slugs
  76 orcs
  3 bats
  7 endoplasms
  3 giant cockroaches
  14 goblins
  8 hobgoblins
  2 jackals (D:1)
  10 kobolds
  3 quokkas
  3 training dummies (D:4)
  5 ball pythons
  4 frilled lizards
  2 gnoll zombies (Ossuary)
  5 hobgoblin zombies (Ossuary)
  6 kobold zombies (Ossuary)
  5 orc zombies (Ossuary)
  A quokka skeleton (D:4)
  7 rats
808 creatures vanquished.

Vanquished Creatures (others)
  2 iguanas (Lair:6)
  A quokka (D:11)
  A bush (Lair:6)
  62 fulminant prisms
  85 fungi
  141 plants
292 creatures vanquished.

Grand Total: 1100 creatures vanquished

Notes
Turn   | Place    | Note
-------+----------+-------------------------------------------
     0 | D:1      | sizableburger the Demigod Conjurer began the quest for the
                  | Orb.
     0 | D:1      | Reached XP level 1. HP: 14/14 MP: 5/5
     0 | D:1      | Upgraded the game from 0.28.0-1-gb440e238dd to
                  | 0.28.0-43-g3370ac3207
   283 | D:1      | Reached XP level 2. HP: 20/20 MP: 1/7
   401 | D:1      | Learned a level 2 spell: Searing Ray
  1380 | D:2      | Reached XP level 3. HP: 26/26 MP: 1/9
  1756 | D:2      | Found a runed translucent door.
  1757 | D:2      | Noticed Crazy Yiuf
  1818 | D:2      | Found Lazaitwol's Book Shoppe.
  2000 | D:2      | Noticed an ogre
  2062 | D:2      | Killed an ogre
  2063 | D:2      | Reached XP level 4. HP: 33/33 MP: 2/11
  2177 | D:2      | Learned a level 4 spell: Fulminant Prism
  2683 | D:3      | Reached XP level 5. HP: 37/38 MP: 11/13
  3304 | D:4      | Noticed a necrophage
  3310 | D:4      | Killed a necrophage
  3311 | D:4      | Reached skill level 5 in Conjurations
  3311 | D:4      | Reached skill level 1 in Hexes
  3317 | D:4      | Learned a level 3 spell: Frozen Ramparts
  3550 | D:4      | Reached XP level 6. HP: 45/45 MP: 9/14
  3578 | D:4      | Reached skill level 1 in Ice Magic
  3673 | D:4      | Learned a level 3 spell: Dazzling Flash
  3800 | D:4      | Found Echa's Firing Range.
  3864 | D:4      | Reached skill level 1 in Fighting
  4001 | D:4      | Reached skill level 2 in Ice Magic
  4090 | D:4      | Noticed Robin
  4091 | D:4      | Killed Robin
  4316 | D:5      | Entered Level 5 of the Dungeon
  4316 | D:5      | Noticed Prince Ribbit
  4324 | D:5      | Killed Prince Ribbit
  4325 | D:5      | Reached XP level 7. HP: 42/55 MP: 5/16
  4427 | D:5      | Found a sand-covered staircase.
  4436 | Ossuary  | Entered an ossuary
  4456 | Ossuary  | Reached skill level 3 in Ice Magic
  4893 | D:5      | Reached skill level 1 in Short Blades
  4893 | D:5      | Reached XP level 8. HP: 55/63 MP: 8/17
  4906 | D:5      | Reached skill level 4 in Ice Magic
  5101 | D:5      | Reached skill level 5 in Hexes
  5892 | D:6      | Noticed Grinder
  5893 | D:6      | Paralysed by Grinder for 4 turns
  5934 | D:6      | Killed Grinder
  6197 | D:5      | Reached skill level 5 in Ice Magic
  6487 | D:6      | Noticed Sigmund
  6728 | D:6      | Killed Sigmund
  6958 | D:6      | Found a staircase to the Ecumenical Temple.
  7169 | D:6      | Found a runed translucent gate.
  7169 | D:6      | Found a runed translucent gate.
  7169 | D:6      | Found a runed translucent gate.
  7173 | D:6      | Noticed Hrothgar's ghost (novice TrBe)
  7194 | D:6      | Reached XP level 9. HP: 55/71 MP: 12/18
  7197 | D:6      | Killed Hrothgar's ghost
  7198 | D:6      | Reached skill level 6 in Ice Magic
  7255 | D:6      | Reached skill level 5 in Fighting
  7488 | D:6      | Identified a scroll of acquirement
  7623 | D:2      | Acquired the ring "Wuydduag" {Ice MP+9 Str+3 Dex-4 Slay+6}
  9230 | D:8      | Reached skill level 7 in Ice Magic
  9233 | D:8      | Reached XP level 10. HP: 37/81 MP: 20/20
  9816 | D:8      | Learned a level 3 spell: Ozocubu's Armour
 10363 | D:8      | Reached skill level 1 in Armour
 11283 | D:9      | Noticed a two-headed ogre
 11291 | D:9      | Killed a two-headed ogre
 11292 | D:9      | Reached skill level 5 in Spellcasting
 11512 | D:9      | Noticed a two-headed ogre
 11520 | D:9      | Reached skill level 5 in Short Blades
 11542 | D:9      | Killed a two-headed ogre
 12697 | D:10     | Entered Level 10 of the Dungeon
 12733 | D:10     | Learned a level 4 spell: Iskenderun's Mystic Blast
 12850 | D:10     | Noticed Josephine
 12998 | D:10     | Killed Josephine
 12999 | D:10     | Reached skill level 1 in Translocations
 13377 | D:10     | Reached XP level 11. HP: 89/89 MP: 24/24
 13427 | D:10     | Found Cul Upt's Book Shoppe.
 14701 | D:11     | Noticed Sonja
 14707 | D:11     | Found a staircase to the Lair.
 14707 | D:11     | Noticed a death yak
 14707 | D:11     | Noticed a death yak
 14707 | D:11     | Noticed a death yak
 14707 | D:11     | Noticed a two-headed ogre
 14721 | D:11     | Found a runed translucent gate.
 14721 | D:11     | Found a runed translucent gate.
 14721 | D:11     | Found a runed translucent gate.
 14724 | D:11     | Noticed badtown22's ghost (journeyman VSFi)
 14725 | D:11     | Found a staircase to the Orcish Mines.
 14741 | D:12     | Noticed a boulder beetle
 14746 | D:12     | Found Helunn's Overcharged Wands.
 14749 | D:12     | Noticed a skeletal warrior
 14749 | D:12     | Noticed a death knight
 14784 | D:12     | Reached skill level 8 in Ice Magic
 16312 | D:11     | Killed a two-headed ogre
 16625 | D:11     | Killed Sonja
 16649 | D:11     | Killed a death yak
 16649 | D:11     | Killed a death yak
 16652 | D:11     | Killed a death yak
 17070 | D:11     | Noticed a wizard
 17079 | D:11     | Killed a wizard
 17513 | D:11     | Reached skill level 9 in Ice Magic
 17722 | D:11     | Reached skill level 5 in Translocations
 17722 | D:11     | Reached XP level 12. HP: 64/101 MP: 22/27
 17830 | D:10     | Bought a book of Ice for 552 gold pieces
 17836 | D:10     | Learned a level 5 spell: Freezing Cloud
 18023 | D:11     | Noticed a white very ugly thing
 18054 | Lair:1   | Entered Level 1 of the Lair of Beasts
 18263 | Lair:1   | Reached skill level 1 in Air Magic
 18546 | Lair:1   | Noticed Gastronok
 18569 | Lair:1   | Killed Gastronok
 18739 | Lair:1   | Noticed Grum
 19195 | Lair:1   | Killed Grum
 19772 | Lair:2   | Noticed a seven-headed hydra
 21116 | Lair:2   | Noticed a six-headed hydra
 21124 | Lair:2   | Killed a six-headed hydra
 21182 | Lair:2   | Reached skill level 5 in Air Magic
 21265 | Lair:2   | Killed a seven-headed hydra
 21368 | Lair:2   | Reached skill level 5 in Armour
 22656 | Lair:3   | Found a staircase to the Swamp.
 23089 | Lair:3   | Noticed a four-headed hydra
 23096 | Lair:3   | Killed a four-headed hydra
 23097 | Lair:3   | Reached XP level 13. HP: 93/107 MP: 29/31
 23442 | Lair:3   | Found a hole to the Spider Nest.
 24816 | Lair:4   | Reached skill level 10 in Spellcasting
 25250 | Lair:5   | Found a staircase to the Slime Pits.
 26970 | Lair:6   | Entered Level 6 of the Lair of Beasts
 28308 | Lair:6   | Found a runed translucent door.
 28309 | Lair:6   | Noticed Orain's ghost (journeyman HOMo)
 28359 | Lair:6   | Found the +8 Wrath of Trog {antimagic, *Rage Rampage}
 28393 | Lair:6   | Killed Orain's ghost
 29254 | Lair:6   | Reached skill level 10 in Ice Magic
 29396 | Lair:6   | Reached XP level 14. HP: 119/119 MP: 33/33
 29467 | Lair:6   | Paralysed by a hornet for 3 turns
 30202 | Lair:6   | Reached skill level 10 in Fighting
 31050 | Lair:6   | Identified the +1 robe of Foolhardiness {rF+ Dex+4 Stlth+}
 32005 | Orc:1    | Entered Level 1 of the Orcish Mines
 32517 | D:11     | Killed badtown22's ghost
 32919 | Orc:1    | Noticed an orc warlord
 34146 | Orc:1    | Killed an orc warlord
 34249 | D:11     | Reached skill level 11 in Ice Magic
 35126 | Orc:2    | Entered Level 2 of the Orcish Mines
 35139 | Orc:2    | Found a staircase to the Elven Halls.
 36355 | Orc:2    | Found Xaso's Jewellery Shoppe.
 36355 | Orc:2    | Found Waafopt's Armour Boutique.
 36373 | Orc:2    | Found Vifiokeh's Weapon Shoppe.
 36373 | Orc:2    | Found Ruduk's Assorted Antiques.
 36385 | Orc:2    | Bought a shiny orb for 324 gold pieces
 36404 | Orc:2    | Bought a pair of runed boots for 202 gold pieces
 36477 | Orc:2    | Learned a level 7 spell: Ozocubu's Refrigeration
 36608 | Orc:2    | Noticed Maurice
 36616 | Orc:2    | Killed Maurice
 36955 | Orc:2    | Found Kutoiwky's Antique Armour Shoppe.
 36959 | Orc:2    | Bought a pair of embroidered gloves for 172 gold pieces
 36959 | Orc:2    | Bought a pair of embroidered gloves for 172 gold pieces
 38059 | D:10     | Bought a book of Iron for 432 gold pieces
 38343 | Spider:1 | Entered Level 1 of the Spider Nest
 38619 | Spider:1 | Noticed a broodmother
 38770 | Spider:1 | Reached skill level 12 in Ice Magic
 38772 | Spider:1 | Killed a broodmother
 38847 | Spider:1 | Learned a level 6 spell: Iron Shot
 39080 | Spider:1 | Noticed a broodmother
 39087 | Spider:1 | Killed a broodmother
 39088 | Spider:1 | Reached skill level 1 in Earth Magic
 39984 | Spider:1 | Found a runed translucent door.
 40180 | Spider:1 | Reached XP level 15. HP: 91/126 MP: 7/36
 40696 | Spider:1 | Identified Roxanne's Volume of Changing
 40696 | Spider:1 | Noticed Roxanne
 42080 | Spider:2 | Reached skill level 1 in Evocations
 42516 | Spider:2 | Reached skill level 13 in Ice Magic
 43129 | Spider:1 | Reached skill level 5 in Earth Magic
 45239 | Spider:3 | HP: 5/126 [something (6)]
 45244 | Spider:3 | HP: 4/126 [something (11)]
 45663 | Spider:2 | Slain by a ghost moth

Illustrated notes

Levels and vault maps discovered:
D:1:      psy_arrival_fountain, layout_basic,
          hangedman_abyss_or_decor_lesser_grid, chequers_serial_rivers_micro_d,
          st_stairs_13, kennysheep_boxes
D:2:      layout_loops_ring, serial_shops, shop, st_stairs_7,
          minmay_pentomino_t4, uniq_crazy_yiuf_cottage
D:3:      layout_loops_cross
D:4:      cheibrodos_pilgrimage, layout_cave_pools, grunt_ministairs_2,
          nicolae_shop_firing_range, uniq_robin
D:5:      layout_basic, nicolae_ossuary_entry_monument, uniq_prince_ribbit1
D:6:      layout_rooms, minmay_temple_entry_gardened_gates,
          gammafunk_ghost_nasty_kobolds, uniq_grinder, uniq_sigmund
D:7:      layout_loops_corners
D:8:      layout_loops_ring, nicolae_ashenzari_panopticon
D:9:      layout_long_grid, minmay_misc_feat_iff
D:10:     layout_roguey, serial_shops, nicolae_inconvenience_store,
          hangedman_decor_slide_cut, uniq_josephine
D:11:     cheibrodos_breeding_chamber, layout_loops_ring, dpeg_lair_monsters,
          david_orc_5, ebering_ghost_rock_garden, uniq_sonja
D:12:     layout_rooms, nicolae_shop_overcharged_wands
Lair:1:   layout_misc_corridors, minivault_25, serial_bayou_pond_b,
          grunt_megastairs_3, infiniplex_staircase_pool_2, uniq_grum,
          uniq_gastronok
Lair:2:   layout_small_grid, special_room [special_room_bee]
Lair:3:   layout_roguey, minmay_swamp_entry_swarm, spider_nest_entry_web_field,
          minivault_19, grunt_forest_large_clearing_hut, grunt_megastairs_4
Lair:4:   layout_cave_pods, st_stairs_11
Lair:5:   layout_concentric_octagons, minmay_slime_entry_pillars,
          nicolae_lair_grazing_beasts [nicolae_sub_lair_graze_edge,
          nicolae_sub_lair_graze_edge, nicolae_sub_lair_graze_edge,
          nicolae_sub_lair_graze_edge], lemuel_fruit_fields, lemuel_fruit_tree,
          serial_bayou_shore_b
Lair:6:   guppyfry_lair_end_dragon, layout_concentric_octagons,
          hangedman_lair_tendril_chambers, ebering_ghost_inner_flame,
          nicolae_lair_run_with_the_wolves
Spider:1: cheibrodos_spider_deadly_dance, uniq_roxanne
Spider:2: layout_spider_delve
Spider:3: layout_spider_delve, nicolae_arachne_temple
Orc:1:    layout_caves
Orc:2:    grunt_orc_tribal_feast, layout_diamond_mine, serial_shops,
          nicolae_shop_advertising_works [nicolae_subvault_shop_adworks],
          uniq_maurice

Skill      XL: |  1  2  3  4  5  6  7  8  9 10 11 12 13 14 15 |
---------------+----------------------------------------------+-----
Spellcasting   | 2 3 4 6 7 9 11 12 | 12.5
Conjurations   | 4 5 7 8 |  8.0
Hexes          | 2 3 4 5 |  5.4
Ice Magic      | 2 3 5 7 9 10 12 13 | 13.4
Fighting       | 2 3 5 7 8 9 10 | 10.0
Short Blades   | 1 3 4 5 |  5.3
Armour         | 2 5 6 |  6.6
Translocations | 1 5 |  5.0
Air Magic      | 5 7 |  7.5
Earth Magic    | 2 5 |  5.9
Evocations     | 3 |  3.9
Dodging        | |  1.8
Stealth        | |  1.8

Action                   |  1- 3 |  4- 6 |  7- 9 | 10-12 | 13-15 || total
-------------------------+-------+-------+-------+-------+-------++-------
Melee: Dagger            |     1 |    24 |    58 |   372 |  1020 ||  1475
 Cast: Magic Dart        |    58 |    28 |    10 |     3 |     7 ||   106
       Searing Ray       |     7 |    28 |    43 |    52 |    15 ||   145
       Fulminant Prism   |       |     2 |    12 |    39 |     9 ||    62
       Dazzling Flash    |       |     1 |     2 |     3 |       ||     6
       Frozen Ramparts   |       |       |     7 |    60 |    68 ||   135
       Ozocubu's Armour  |       |       |       |    40 |    52 ||    92
       Iskenderun's Myst |       |       |       |    15 |    65 ||    80
       Freezing Cloud    |       |       |       |     3 |    46 ||    49
       Ozocubu's Refrige |       |       |       |       |    46 ||    46
       Iron Shot         |       |       |       |       |     3 ||     3
Evoke: Wand              |       |       |       |     3 |     8 ||    11
  Use: Scroll            |       |       |    18 |    20 |    15 ||    53
       Potion            |       |       |     2 |    11 |    12 ||    25
 Stab: Sleeping          |       |     2 |     1 |       |       ||     3
Armor: Robe              |     1 |     6 |    22 |     5 |       ||    34
       Scale mail        |       |       |    20 |   205 |   195 ||   420
       Skin              |       |       |       |     8 |       ||     8
       Acid dragon scale |       |       |       |       |   485 ||   485
Dodge: Dodged            |     3 |    26 |    94 |   159 |   449 ||   731
Block: Buckler           |       |     6 |    39 |   201 |   563 ||   809
       Reflection        |       |       |       |     3 |     7 ||    10
